 Dungeon Crawl Stone Soup version 0.28-a0-1159-g27aa881441 (webtiles) character file.

Game seed: 3264149860251712272

886 spaghetti the Spawn of Chaos (level 7, 14/45 (61) HPs)
             Began as a Deep Dwarf Delver on Dec 15, 2021.
             Was an Initiate of Makhleb.
             Quit the game on level 8 of the Dungeon.
             The game lasted 00:08:51 (2285 turns).

spaghetti the Spawn of Chaos (Deep Dwarf Delver)    Turns: 2285, Time: 00:08:51

HP:   14/45 (61)    AC:  4    Str: 17    XL:     7   Next: 77%
MP:   7/7           EV: 12    Int: 11    God:    Makhleb [......]
Gold: 97            SH:  0    Dex: 14    Spells: 6/6 levels left

rFire   . . .      SeeInvis .   e - +4 trident {polearm}
rCold   . . .      Faith    .   (no shield)
rNeg    . . .      Spirit   .   b - +1 leather armour
rPois   .          Reflect  .   (no helmet)
rElec   .          Harm     .   (no cloak)
rCorr   .          Rampage  .   (no gloves)
Will    +....                   (no boots)
Stlth   +++.......              (no amulet)
HPRegen 0.00/turn               (no ring)
MPRegen 0.10/turn               (no ring)

@: very heavily drained
A: damage resistance, heal wounds, sense surroundings 1, no regeneration
a: Heal Wounds, Renounce Religion


You were on level 8 of the Dungeon.
You worshipped Makhleb.
Makhleb was noncommittal.
You visited 2 branches of the dungeon, and saw 8 of its levels.

You collected 97 gold pieces.


Innate Abilities, Weirdness & Mutations

You are resistant to damage.
You can heal yourself by infusing magical energy.
You passively map a small area around you.
You do not regenerate.


   Skills:
 - Level 2.8 Fighting
 - Level 2.0 Maces & Flails
 + Level 5.9 Polearms
 - Level 2.1 Dodging
 - Level 6.0 Stealth
 + Level 7.4 Invocations


You had 6 spell levels left.
You didn't know any spells.
Your spell library was empty.

Inventory:

Hand Weapons
 a - a +0 mace {mace}
 e - a +4 trident (weapon) {polearm}
   (You took it off an orc on level 4 of the Dungeon)
 g - a +2 falchion of flaming {long}
   (You took it off a wight on level 9 of the Dungeon)
 l - a +3 hand axe {axe}
   (You took it off a wight on level 9 of the Dungeon)
 m - a +2 war axe {axe}
   (You took it off a wight on level 9 of the Dungeon)
Missiles
 d - 49 sling bullets
 f - 3 boomerangs {throwing}
 h - 40 arrows
 i - 59 stones {throwing}
 j - 5 javelins {throwing}
 n - 15 poisoned darts {throwing}
Armour
 b - a +1 leather armour (worn)
Scrolls
 c - a scroll of fog
Potions
 k - 2 potions of flight

Dungeon Overview and Level Annotations

Branches:
Dungeon (9/15)             Temple (1/1) D:4
   Lair: D:8-11         Orc: D:9-12

Altars:
Ashenzari
Cheibriados
Dithmenos
Fedhas
Gozag
Hepliaklqana
Kikubaaqudgha
Makhleb
Nemelex Xobeh
Okawaru
Ru
Uskayaw
Vehumet
Wu Jian
Xom
The Shining One

Shops:
D:9 *

Annotations:
D:4 2 runed translucent doors, Adrian566's ghost, amateur DrFi

####.#.#.##.##.#######
* ,
........#.#.#.T.......,
####.....#...#.#######
* ##...###........# #
##.## ####.###.###..#
#.# #........... #.#
###Y>...## #+# #T#.#.#
* , * #@#.# * * , ,
#.#.#,* * , *#.... , ,
....# , , ..... #....##
* , , ##.#.# * ###.# *
, ,


You could see a yak and a troll.


Message History

Unknown command.
You barely miss the wight. The wight hits you with a +3 hand axe.
You barely miss the wight. The wight hits you with a +3 hand axe.
* * * LOW HITPOINT WARNING * * *
You feel drained. 😮 HP[-3]
You now have 45 max hp (-2).
You take 3 damage, and now have 23/45 hp.
Unknown command.
You hit the wight. The wight hits you with a +3 hand axe.
* * * LOW HITPOINT WARNING * * *
😨 HP[-5]
You take 5 damage, and now have 18/45 hp.
Unknown command.
You feel much better. The wight hits you with a +3 hand axe!
You feel drained. 😮 HP[+11]
You now have 44 max hp (-1).
You regained 11 hp, and now have 29/44 hp.
Unknown command.
You feel much better. The wight hits you with a +3 hand axe.
You feel drained. 😕 HP[+11]
You now have 43 max hp (-1).
You regained 11 hp, and now have 40/43 hp.
You hit the wight. The wight hits you with a +3 hand axe.
You feel drained.
You now have 42 max hp (-1).
You barely miss the wight.
The wight hits you with a +3 hand axe! 😕 HP[-5]
You take 5 damage, and now have 35/42 hp.
You hit the wight.
The wight hits you with a +3 hand axe. 😕 HP[-3]
You take 3 damage, and now have 32/42 hp.
You puncture the wight!
You destroy the wight!
Makhleb accepts your kill.
You now have 45 max hp (+3).
l - a +3 hand axe {axe} You see here a +0 robe.
m - a +2 war axe {axe} You see here a +0 robe.
A two-headed ogre comes into view.
It is wielding a +0 giant club and a +0 dire flail.
You are too injured to fight recklessly!
You are too injured to fight recklessly!
(D) Dungeon (T) Temple
Where to? (Enter - D:7, ? - help) Sorry, I don't know how to get there.
Unknown command.
Unknown command.
Unknown command.
There is an open door here.
You close the door.
A yak comes into view.
The yak moves out of view.
You start waiting.
A yak is nearby!
You see here a +0 leather armour.
You see here a +0 leather armour.
You are too injured to fight recklessly!
n - 15 poisoned darts {throwing} You open the door.
There is an open door here.
You close the door.
The yak bellows! x2
There is an open door here.
Found a stone staircase leading down.
There is a stone staircase leading up here.
The yak gores you!
You climb upwards.
The troll bites you.
* * * LOW HITPOINT WARNING * * *
The troll barely misses you. The troll claws you.
* * * LOW HITPOINT WARNING * * *
The troll barely misses you. The troll claws you!
* * * LOW HITPOINT WARNING * * *
The troll barely misses you.
There is a stone staircase leading down, spattered with blood here.
Unknown command. 😱 HP[-23]
You take 23 damage, and now have 9/45 hp.
MASSIVE DAMAGE!! (PAUSE) Unknown command.
Okay, then.
The yak snorts and paws the ground.
Okay, then.
Your magical essence is drained by the effort!
You feel much better. The troll closely misses you. The troll claws you!
* * * LOW HITPOINT WARNING * * *
The troll claws you!
* * * LOW HITPOINT WARNING * * *
😱 HP[+1] MP[-1] Unknown command.
Your magical essence is drained by the effort!
You feel much better. The troll bites you. The troll claws you!
* * * LOW HITPOINT WARNING * * *
The troll claws you.
* * * LOW HITPOINT WARNING * * *
😨 HP[+4] MP[-1]
You regained 4 hp, and now have 14/45 hp.
Are you sure you want to abandon this character and quit the game? (Confirm with "yes".)

Skill      XL: |  1  2  3  4  5  6  7 |
---------------+----------------------+-----
Polearms       | 2 3 4 5 |  5.9
Invocations    | 2 3 4 6 7 |  7.4
Fighting       | |  2.8
Maces & Flails | |  2.0
Dodging        | |  2.1
Stealth        | |  6.0

Action                   |  1- 3 |  4- 6 |  7- 9 || total
-------------------------+-------+-------+-------++-------
Melee: Trident           |    26 |    39 |    61 ||   126
       Mace              |     7 |       |       ||     7
 Abil: Heal Wounds       |     2 |     9 |    12 ||    23
Evoke: Wand              |     1 |     1 |     1 ||     3
  Use: Scroll            |     7 |     1 |       ||     8
       Potion            |     3 |     1 |       ||     4
 Stab: Sleeping          |     1 |     1 |       ||     2
       Distracted        |     1 |       |       ||     1
Armor: Leather armour    |     9 |    13 |    11 ||    33
Dodge: Dodged            |    23 |    31 |    24 ||    78

Levels and vault maps discovered:
D:3:      minmay_inner_zag, layout_basic, lightli_temple_of_fire,
          nicolae_elyvilon_peaceful_grove
D:4:      layout_cave_pods, nicolae_wu_jian_glorious_leap,
          minmay_temple_entry_statues_fountains, ebering_ghost_disaster_area
D:5:      layout_basic
D:6:      kennysheep_windowed_halls, layout_basic,
          nicolae_qazlal_scattered_showers, yredelemnul_forgotten_temple_becter,
          minmay_door_square, minivault_24
D:7:      layout_cave_pools
D:8:      layout_loops_corners, hellmonk_guarded_unrand_vines
D:9:      layout_gridville, hex_large, fountainhead, kennysheep_nub,
          hangedman_decor_growths, nicolae_elemental_shop
Temple:   minmay_crystal_spiral_temple

Notes
Turn   | Place    | Note
-------+----------+-------------------------------------------
     0 | D:5      | spaghetti the Deep Dwarf Delver began the quest for the
                  | Orb.
     0 | D:5      | Reached XP level 1. HP: 20/20 MP: 1/1
     0 | D:5      | magus.rc [v1.9.6]
   138 | D:5      | Noticed a scorpion
   183 | D:6      | Noticed an orc priest
   183 | D:6      | Noticed an orc wizard
   230 | D:5      | Noticed a necrophage
   476 | D:4      | Found a large runed translucent door.
   476 | D:4      | Found a large runed translucent door.
   482 | D:4      | Noticed Adrian566's ghost (amateur DrFi)
   525 | D:5      | Reached skill level 2 in Polearms
   525 | D:5      | Reached XP level 2. HP: 18/27 MP: 2/2
   525 | D:5      | Reached XP level 3. HP: 23/33 MP: 3/3
   975 | D:4      | Found a staircase to the Ecumenical Temple.
   984 | Temple   | Entered the Ecumenical Temple
  1099 | Temple   | Became a worshipper of Makhleb the Destroyer
  1221 | D:4      | Found an ornate altar of the Wu Jian Council.
  1401 | D:4      | Noticed a gnoll sergeant
  1482 | D:6      | You fall into a shaft and drop 2 floors!
  1501 | D:7      | Noticed an orc warrior
  1509 | D:7      | Noticed a bullfrog
  1524 | D:8      | HP: 3/33 [bullfrog (6)]
  1528 | D:8      | Killed a bullfrog
  1529 | D:8      | Reached skill level 3 in Polearms
  1529 | D:8      | Reached skill level 2 in Invocations
  1529 | D:8      | Reached XP level 4. HP: 31/40 MP: 3/5
  1564 | D:8      | Noticed a bullfrog
  1565 | D:8      | Noticed a troll
  1572 | D:8      | HP: 9/40 [bullfrog (5)]
  1574 | D:8      | Killed a bullfrog
  1575 | D:8      | Reached skill level 3 in Invocations
  1575 | D:8      | Reached XP level 5. HP: 37/48 MP: 5/7
  1585 | D:8      | Noticed a sky beast
  1586 | D:8      | HP: 10/48 [orc warrior (9)]
  1596 | D:8      | HP: 8/48 [orc warrior (10)]
  1603 | D:8      | Killed a sky beast
  1604 | D:8      | Reached skill level 4 in Polearms
  1604 | D:8      | Reached skill level 4 in Invocations
  1628 | D:8      | Noticed an orc warrior
  1641 | D:8      | HP: 12/48 [bullfrog (5)]
  1648 | D:8      | Reached XP level 6. HP: 44/55 MP: 8/8
  1687 | D:7      | Noticed a sky beast
  1827 | D:8      | Noticed a troll
  1842 | D:9      | Found Hegit's Elemental Accessories.
  1873 | D:9      | Noticed a yak
  1873 | D:9      | Noticed a yak
  1881 | D:9      | Noticed a yak
  1910 | D:9      | HP: 11/55 [yak (14)]
  1927 | D:9      | Killed a yak
  1928 | D:9      | Reached skill level 5 in Invocations
  1933 | D:9      | HP: 11/55 [yak (9)]
  1938 | D:9      | Killed a yak
  1939 | D:9      | Reached skill level 5 in Polearms
  1939 | D:9      | Reached skill level 6 in Invocations
  1939 | D:9      | Reached XP level 7. HP: 12/61 MP: 10/10
  2005 | D:9      | HP: 7/61 [orc priest (5)]
  2035 | D:9      | HP: 15/61 [something (1)]
  2089 | D:9      | HP: 14/57 [wight (15)]
  2140 | D:9      | Reached skill level 7 in Invocations
  2152 | D:9      | HP: 11/60 [wight (8)]
  2223 | D:9      | Noticed a two-headed ogre
  2232 | D:9      | Noticed a yak
  2280 | D:8      | HP: 9/45 [troll (11)]
  2285 | D:8      | Quit the game

Vanquished Creatures
  2 yaks (D:9)
  A sky beast (D:8)
  3 bullfrogs (D:8)
  5 wights (D:9)
  An orc priest (D:9)
  A centaur zombie (D:5)
  An orc wizard (D:9)
  An adder skeleton (D:4)
  A dart slug (D:4)
  3 orcs
  3 goblins (D:4)
  2 jackals (D:4)
24 creatures vanquished.

Vanquished Creatures (others)
  13 plants (D:8)
13 creatures vanquished.

Grand Total: 37 creatures vanquished

Table legend:
 A = Non-vault XP
 B = Vault XP
 C = Vault XP percentage of total XP
 D = Non-vault monster count
 E = Vault monster count
 F = Vault count percentage of total count
                 A         B        C        D         E       F
            +---------+---------+-------+---------+---------+-------
      Total |    1267 |       0 |   0.0 |      24 |       0 |   0.0
            +---------+---------+-------+---------+---------+-------
        D:4 |      22 |       0 |   0.0 |       8 |       0 |   0.0
        D:5 |      42 |       0 |   0.0 |       1 |       0 |   0.0
        D:8 |     407 |       0 |   0.0 |       4 |       0 |   0.0
        D:9 |     796 |       0 |   0.0 |      11 |       0 |   0.0
            +---------+---------+-------+---------+---------+-------

Illustrated notes

Table legend:
 A = Kills in this place as a percentage of kills in entire the game.
 B = Kills by you in this place as a percentage of kills by you in the entire game.
 C = Kills by friends in this place as a percentage of kills by friends in the entire game.
 D = Other kills in this place as a percentage of other kills in the entire game.
 E = Experience gained in this place as a percentage of experience gained in the entire game.
 F = Experience gained in this place divided by the number of levels of this place that you have seen.
                   A       B       C       D       E      F
               +-------+-------+-------+-------+-------+----------------------
         Total | 100.0 | 100.0 |   N/A |   N/A | 100.0 | 158.4
       Dungeon | 100.0 | 100.0 |   N/A |   N/A | 100.0 | 181.0
               +-------+-------+-------+-------+-------+----------------------

Table legend: (Time is in decaauts)
 A = Elapsed time spent in this place.
 B = Non-inter-level travel time spent in this place.
 C = Inter-level travel time spent in this place.
 D = Time resting spent in this place.
 E = Time spent auto-exploring this place.
 F = Levels seen in this place.
 G = Mean time per level.
                   A        B        C        D        E       F      G
               +--------+--------+--------+--------+--------+-----+--------+
         Total |   2278 |   2158 |    120 |    467 |    971 |   8 |  284.8 |
       Dungeon |   2086 |   2042 |     44 |    467 |    873 |   7 |  298.0 |
        Temple |    191 |    115 |     76 |      0 |     98 |   1 |  191.0 |
               +--------+--------+--------+--------+--------+-----+--------+

Top non-repeatable levels by time:
     D:4: 972 daAuts
     D:9: 445 daAuts
     D:8: 288 daAuts
     D:5: 236 daAuts
  Temple: 191 daAuts
     D:7: 81 daAuts
     D:6: 59 daAuts
     D:3: 1 daAuts
